 Dungeon Crawl Stone Soup version 0.30.0-29-ga12c61a403 (webtiles) character file.

Game seed: 783275003846153532

89 Graphine the Digger (level 4, 0/26 HPs)
             Began as a Gargoyle Earth Elementalist on June 24, 2023.
             Was an Initiate of Gozag.
             Slain by an ice beast (1 damage)
             ... on level 4 of the Dungeon.
             The game lasted 00:05:20 (2872 turns).

Graphine the Digger (Gargoyle Earth Elementalist)   Turns: 2872, Time: 00:05:20

Health: 0/26       AC:  6    Str: 11    XL:     4   Next: 55%
Magic:  2/7        EV: 11    Int: 18    God:    Gozag
Gold:   404        SH:  0    Dex: 10    Spells: 1/7 levels left

rFire   . . .        f - +1 dagger
rCold   . . .        (no shield)
rNeg    + . .        a - +0 robe
rPois   ∞            (no helmet)
rElec   +            (no cloak)
rCorr   .            j - +0 pair of gloves
SInv    .            (no boots)
Will    +....        (no amulet)
Stlth   ++           n - ring of willpower
HPRegen 0.24/turn    (no ring)
MPRegen 0.10/turn

%: no passive effects
@: gold aura
A: sickness immunity, AC +3, negative energy resistance 1, electricity
resistance, torment resistance 1, petrification resistance
a: Renounce Religion, Potion Petition, Call Merchant, Bribe Branch


You were on level 4 of the Dungeon.
You worshipped Gozag.
Gozag was aware of your devotion.
You visited 1 branch of the dungeon, and saw 4 of its levels.

You collected 404 gold pieces.

Inventory:

Hand Weapons
 f - a +1 dagger (weapon)
Armour
 a - a +0 robe (worn)
 j - a +0 pair of gloves (worn)
Jewellery
 n - a ring of willpower (left hand)
Wands
 h - a wand of iceblast (8)
 k - a wand of flame (37)
Scrolls
 d - 4 scrolls of magic mapping
 p - a scroll of teleportation
Potions
 b - a potion of magic
 c - a potion of brilliance {unknown}
 g - a potion of invisibility
 i - 2 potions of curing {unknown}
 l - a potion of flight {unknown}
 o - a potion of mutation {unknown}


   Skills:
 * Level 2.0 Fighting
 + Level 1.0 Staves
 + Level 1.2 Armour
 - Level 1.5 Dodging
 - Level 2.1 Stealth
 + Level 1.2 Shields
 + Level 2.3 Spellcasting
 - Level 0.7 Transmutations
 * Level 4.2 Earth Magic
 + Level 0.8 Evocations


You had one spell level left.
You knew the following spells:

 Your Spells              Type           Power      Damage    Failure   Level
a - Sandblast             Erth           34%        2d9       3%          1
b - Passwall              Tmut/Erth      9%         N/A       10%         2
c - Stone Arrow           Conj/Erth      18%        3d8       22%         3

Your spell library contained the following spells:

 Spells                   Type           Power      Damage    Failure   Level
 Petrify                  Tmut/Erth      11%        N/A       54%         4


Dungeon Overview and Level Annotations

Branches:
Dungeon (4/15)
 Temple: D:4-7

Altars:
Gozag
Hepliaklqana
Qazlal

Shops:
D:2 !:   D:3 *


Innate Abilities, Weirdness & Mutations

You are immune to sickness and miasma.
Your stone body is resilient. (AC +3)
You are immune to poison.
You resist negative energy. (rN+)
You are resistant to electric shocks. (rElec)
You are resistant to unholy torment.
You are immune to petrification.


Message History

You can't see any susceptible monsters within range! (Use Z to cast anyway.)
You can't see any susceptible monsters within range! (Use Z to cast anyway.)
The blast of sand hits the hobgoblin.
The hobgoblin is lightly wounded.
The blast of sand hits the hobgoblin!
You kill the hobgoblin!
The blast of sand hits the ice beast.
The ice beast is lightly wounded.
The ice beast barely misses you.
The blast of sand hits the ice beast.
The ice beast is lightly wounded.
The ice beast hits you but does no damage.
The blast of sand hits the ice beast.
The ice beast is moderately wounded.
The ice beast hits you. The ice beast freezes you!
The ice beast hits you but does no damage.
The blast of sand hits the ice beast.
The ice beast is heavily wounded.
The ice beast hits you. The ice beast freezes you!
Ouch! That really hurt!
* * * LOW HITPOINT WARNING * * *
Okay, then.
Okay, then.
Okay, then.
Okay, then.
Aiming: Throw Flame
Press: ? - help, Shift-Dir - straight line, f/p - ice beast
Aim: an ice beast (heavily wounded, 68% to hit)
Okay, then.
You hit the ice beast but do no damage.
The ice beast is heavily wounded.
The ice beast barely misses you.
Aiming: Throw Flame
Press: ? - help, Shift-Dir - straight line, f/p - ice beast
Aim: an ice beast (heavily wounded, 68% to hit)
The puff of flame hits the ice beast but does no damage.
The ice beast is heavily wounded.
The ice beast hits you.
You die...
Your body crumbles into a pile of gold.

#.. #$...#
##$.###<...###
#..............
#...$..........
##..$..........
#..##.....##.. #.$
#..$..# . .$. ##Y####
.... ##.@...## ....
#.......# ..#.
#.......# #..
##.....##
##..##.....# #
#..........##### .##
#..............# ...#
#..............#....#
##.###.##..##.....#


You could see an ice beast.

Vanquished Creatures
  Jessica (D:2)
  2 adders (D:2)
  A dart slug (D:2)
  2 ball pythons
  An endoplasm (D:2)
  A giant cockroach (D:2)
  5 hobgoblins
  5 jackals
  7 kobolds
  A quokka (D:1)
  9 bats
  5 frilled lizards
  4 goblins
  A rat (D:2)
45 creatures vanquished.

Notes
Turn   | Place    | Note
-------+----------+-------------------------------------------
     0 | D:1      | Graphine the Gargoyle Earth Elementalist began the quest
                  | for the Orb.
     0 | D:1      | Reached XP level 1. HP: 10/10 MP: 3/3
   261 | D:1      | Reached XP level 2. HP: 16/16 MP: 1/5
   359 | D:1      | Found a faded altar of an unknown god.
   409 | D:1      | Prayed at the altar of an unknown god.
   409 | D:1      | Became a worshipper of Gozag Ym Sagoz the Greedy
   792 | D:1      | Reached skill level 1 in Fighting
  1232 | D:2      | Found Sanlob's Book Shop.
  1281 | D:2      | Found Sotz's Distillery.
  1435 | D:2      | Reached XP level 3. HP: 20/20 MP: 4/6
  1475 | D:2      | Noticed Jessica
  1476 | D:2      | Reached skill level 4 in Earth Magic
  1477 | D:2      | Killed Jessica
  1478 | D:2      | Reached skill level 1 in Shields
  1482 | D:2      | Reached skill level 1 in Armour
  1482 | D:2      | Reached XP level 4. HP: 23/25 MP: 1/7
  1917 | D:3      | Learned a level 2 spell: Passwall
  1921 | D:3      | Learned a level 3 spell: Stone Arrow
  1939 | D:3      | Found Pufuinod's General Store.
  1970 | D:3      | Identified the +6 plate armour of the Falcon {rPois Str+3
                  | Int+2}
  2052 | D:3      | Found a stormy altar of Qazlal.
  2483 | D:3      | Reached skill level 1 in Staves
  2520 | D:3      | Found a hazy altar of Hepliaklqana.
  2700 | D:4      | Noticed an ice beast
  2870 | D:4      | HP: 1/26 [ice beast (14)]
  2872 | D:4      | Slain by an ice beast

Illustrated notes

Levels and vault maps discovered:
D:1:      saegor_arrival_simple_e, layout_basic,
          shapermc_ecumenical_altar_ellora
D:2:      layout_rooms, serial_shops, shop, shop_fountains, nicolae_half_adder,
          uniq_jessica
D:3:      layout_basic, lemuel_round_altar, mainiacjoe_overflow_cross_hatched,
          serial_shops, shop
D:4:      layout_gridville, mainiacjoe_overflow_chevrons, minmay_crystal_room,
          hellmonk_guarded_unrand_hermit

Skill      XL: |  1  2  3  4 |
---------------+-------------+-----
Fighting       | 1 2 |  2.0
Earth Magic    | 4 |  4.2
Shields        | 1 |  1.2
Armour         | 1 |  1.2
Staves         | 1 |  1.0
Dodging        | |  1.5
Stealth        | |  2.1
Spellcasting   | |  2.3
Transmutations | |  0.7
Evocations     | |  0.8

Action                     |  1- 3 |  4- 6 || total
---------------------------+-------+-------++-------
  Melee: Dagger            |       |     4 ||     4
   Cast: Sandblast         |    32 |    39 ||    71
  Evoke: Wand              |       |     1 ||     1
    Use: Scroll            |     2 |     6 ||     8
 Armour: Robe              |     3 |    16 ||    19
  Dodge: Dodged            |     4 |    16 ||    20
